General information
- name: BNet
- type: Ladder team game (AT/RT)
- host: Battle.net
- saver: Clan.Ku.KIux
map: Mur'gulOasis
- players: 8
- length: 43:14
- speed: Fast
- version: 1.26 W3XP
- replay type: Public
» download(198 KB)
Players
team 1 (winner)
mavic1 (
blue | 54 APM | 742 actions | 13:41)
4 Demon Hunter
2 Mana Burn
2 Evasion
1 Naga Sea Witch
1 Forked Lightning
» actions
| Assign group hotkey | 22 | |
| Basic commands | 40 | |
| Build / train | 46 | |
| Enter build submenu | 12 | |
| Enter hero's abilities submenu | 5 | |
| Give item / drop item | 1 | |
| Remove unit from queue | 2 | |
| Right click | 221 | |
| Select / deselect | 176 | |
| Select group hotkey | 160 | |
| Use ability | 57 | |
742 total
» units
| Wisp | 10 | |
| Archer | 6 | |
| Druid of the Claw | 8 | |
| Dryad | 1 | |
25 total
» upgrades
| Druid of the Claw Training | 2 | |
| Reinforced Hides | 1 | |
3 total
» buildings
| Altar of Elders | 1 | |
| Moon Well | 5 | |
| Ancient of War | 1 | |
| Tree of Ages | 3 | |
| Hunter's Hall | 1 | |
| Ancient of Wonders | 2 | |
| Tree of Eternity | 1 | |
| Ancient of Lore | 2 | |
16 total
» build order
00:10 Altar of Elders
00:20 Moon Well
00:47 Ancient of War
01:26 Moon Well
02:27 Tree of Ages
02:28 Tree of Ages
03:41 Moon Well
03:56 Hunter's Hall
04:30 Ancient of Wonders
04:51 Tree of Eternity
05:14 Ancient of Lore
05:15 Ancient of Lore
06:32 Moon Well
10:42 Moon Well
10:46 Ancient of Wonders
» items
| Potion of Lesser Invulnerability | 1 | |
| Periapt of Vitality | 1 | |
| Dust of Appearance | 1 | |
3 total
AScottishHitman (
yellow | 37 APM | 1580 actions | 42:09)
5 Warden
1 Fan of Knives
2 Shadow Strike
2 Blink
4 Demon Hunter
2 Immolation
2 Evasion
1 Priestess of the Moon
1 Searing Arrows
» actions
| Assign group hotkey | 38 | |
| Basic commands | 190 | |
| Build / train | 110 | |
| ESC pressed | 3 | |
| Enter build submenu | 33 | |
| Enter hero's abilities submenu | 10 | |
| Give item / drop item | 2 | |
| Remove unit from queue | 1 | |
| Right click | 322 | |
| Select / deselect | 401 | |
| Select group hotkey | 372 | |
| Use ability | 97 | |
1580 total
» units
| Wisp | 38 | |
| Archer | 6 | |
| Giant Sea Turtle | 1 | |
| Makrura Snapper | 1 | |
| Dryad | 20 | |
| Druid of the Talon | 7 | |
| Hippogryph | 7 | |
| Makrura Deepseer | 1 | |
81 total
» upgrades
| Strength of the Moon | 1 | |
| Improved Bows | 1 | |
| Strength of the Wild | 3 | |
| Abolish Magic | 1 | |
| Druid of the Talon Training | 2 | |
| Reinforced Hides | 3 | |
11 total
» buildings
| Altar of Elders | 2 | |
| Ancient of War | 1 | |
| Moon Well | 9 | |
| Hunter's Hall | 1 | |
| Tree of Ages | 3 | |
| Ancient Protector | 5 | |
| Ancient of Lore | 1 | |
| Tree of Eternity | 2 | |
| Ancient of Wind | 3 | |
| Ancient of Wonders | 1 | |
| Chimaera Roost | 2 | |
| Tree of Life | 1 | |
31 total
» build order
00:10 Altar of Elders
00:13 Ancient of War
00:16 Moon Well
01:57 Moon Well
03:01 Hunter's Hall
04:10 Tree of Ages
04:16 Moon Well
05:18 Ancient Protector
06:39 Ancient Protector
06:43 Moon Well
07:42 Ancient of Lore
10:19 Tree of Eternity
10:42 Ancient of Wind
11:16 Tree of Eternity
11:25 Moon Well
13:33 Tree of Ages
15:37 Ancient Protector
16:17 Ancient Protector
16:25 Ancient Protector
19:07 Moon Well
20:02 Ancient of Wonders
20:17 Moon Well
21:57 Chimaera Roost
25:25 Tree of Life
26:25 Moon Well
27:27 Ancient of Wind
27:41 Altar of Elders
30:01 Chimaera Roost
31:14 Tree of Ages
33:27 Moon Well
34:42 Ancient of Wind

»
Baspera (
purple | 32 APM | 317 actions | 09:53)
2 Priestess of the Moon
1 Trueshot Aura
1 Searing Arrows
» actions
| Assign group hotkey | 8 | |
| Build / train | 22 | |
| Enter build submenu | 15 | |
| Enter hero's abilities submenu | 2 | |
| Remove unit from queue | 1 | |
| Right click | 139 | |
| Select / deselect | 106 | |
| Select group hotkey | 9 | |
| Use ability | 15 | |
317 total
» units
» upgrades
| Strength of the Moon | 1 | |
| Moon Armor | 1 | |
2 total
» buildings
| Moon Well | 5 | |
| Altar of Elders | 1 | |
| Hunter's Hall | 1 | |
| Ancient of War | 2 | |
| Ancient Protector | 1 | |
10 total
» build order
00:06 Moon Well
00:09 Altar of Elders
01:16 Hunter's Hall
02:00 Ancient of War
02:55 Ancient of War
03:30 Moon Well
05:34 Moon Well
06:41 Moon Well
07:41 Moon Well
09:00 Ancient Protector
Clan.Ku.KIux (
red | 56 APM | 2427 actions | 43:14)
7 Mountain King
3 Storm Bolt
3 Bash
1 Avatar
1 Priestess of the Moon
1 Trueshot Aura
» actions
| Assign group hotkey | 171 | |
| Basic commands | 37 | |
| Build / train | 102 | |
| Enter build submenu | 55 | |
| Enter hero's abilities submenu | 8 | |
| Give item / drop item | 3 | |
| Remove unit from queue | 4 | |
| Right click | 1267 | |
| Select / deselect | 521 | |
| Select group hotkey | 173 | |
| Use ability | 86 | |
2427 total
» units
| Peasant | 19 | |
| Footman | 11 | |
| Gryphon Rider | 23 | |
53 total
» upgrades
| Masonry | 4 | |
| Swords | 3 | |
| Animal War Training | 1 | |
| Lumber Harvesting | 0 | |
| Storm Hammers | 1 | |
| Armor | 3 | |
| Backpack | 1 | |
13 total
» buildings
| Altar of Kings | 3 | |
| Barracks | 2 | |
| Farm | 13 | |
| Keep | 2 | |
| Arcane Vault | 2 | |
| Scout Tower | 9 | |
| Arcane Tower | 1 | |
| Lumber Mill | 2 | |
| Castle | 3 | |
| Gryphon Aviary | 4 | |
| Blacksmith | 1 | |
| Town Hall | 2 | |
| Ancient Protector | 10 | |
| Tree of Ages | 2 | |
| Guard Tower | 9 | |
| Tree of Eternity | 1 | |
66 total
» build order
00:05 Altar of Kings
00:06 Barracks
00:09 Farm
01:27 Farm
02:04 Farm
03:45 Keep
04:34 Arcane Vault
04:52 Scout Tower
05:20 Arcane Tower
05:31 Farm
06:17 Lumber Mill
06:36 Castle
07:07 Gryphon Aviary
08:23 Blacksmith
08:33 Gryphon Aviary
10:41 Farm
10:44 Farm
14:48 Farm
14:50 Farm
16:12 Town Hall
17:13 Altar of Kings
18:16 Altar of Kings
19:02 Ancient Protector
19:05 Ancient Protector
19:13 Ancient Protector
19:23 Ancient Protector
19:27 Ancient Protector
19:42 Tree of Ages
20:56 Keep
22:09 Lumber Mill
22:13 Scout Tower
22:29 Scout Tower
23:06 Guard Tower
23:06 Guard Tower
23:18 Castle
23:28 Scout Tower
23:34 Gryphon Aviary
23:56 Ancient Protector
23:57 Ancient Protector
24:04 Ancient Protector
24:07 Ancient Protector
24:10 Ancient Protector
24:18 Tree of Eternity
24:31 Guard Tower
24:55 Scout Tower
25:14 Castle
25:29 Guard Tower
26:38 Scout Tower
27:05 Guard Tower
27:09 Scout Tower
28:35 Gryphon Aviary
32:02 Arcane Vault
32:17 Farm
32:27 Farm
32:31 Farm
32:37 Scout Tower
32:39 Scout Tower
33:28 Guard Tower
33:32 Guard Tower
36:40 Farm
36:43 Farm
37:58 Guard Tower
39:11 Town Hall
40:36 Barracks
» items
| Staff of Teleportation | 1 | |
| Boots of Speed | 1 | |
| Potion of Healing | 1 | |
| Orb of Fire | 1 | |
| Scroll of Regeneration | 1 | |
5 total
team 2 (loser)
trepa4 (
green | 54 APM | 2324 actions | 43:06)
6 Blademaster
2 Wind Walk
1 Mirror Image
2 Critical Strike
1 Bladestorm
» actions
| Assign group hotkey | 28 | |
| Basic commands | 12 | |
| Build / train | 63 | |
| Enter build submenu | 27 | |
| Enter hero's abilities submenu | 6 | |
| Right click | 750 | |
| Select / deselect | 210 | |
| Select group hotkey | 1110 | |
| Use ability | 118 | |
2324 total
» units
| Peon | 9 | |
| Troll Witch Doctor | 4 | |
| Spirit Walker | 4 | |
| Tauren | 10 | |
| Shaman | 3 | |
30 total
» upgrades
| Armor | 3 | |
| Witch Doctor Training | 2 | |
| Spirit Walker Training | 2 | |
| Pulverize | 1 | |
| Spiked Barricades | 1 | |
| Melee Weapons | 1 | |
| Shaman Training | 2 | |
12 total
» buildings
| Altar of Storms | 1 | |
| Orc Burrow | 6 | |
| War Mill | 1 | |
| Voodoo Lounge | 1 | |
| Stronghold | 1 | |
| Fortress | 1 | |
| Spirit Lodge | 2 | |
| Beastiary | 1 | |
| Tauren Totem | 2 | |
| Watch Tower | 10 | |
26 total
» build order
00:19 Altar of Storms
00:24 Orc Burrow
00:59 War Mill
01:21 Voodoo Lounge
02:40 Stronghold
03:06 Orc Burrow
03:30 Orc Burrow
05:20 Fortress
05:23 Spirit Lodge
05:28 Beastiary
06:00 Spirit Lodge
07:49 Tauren Totem
07:54 Tauren Totem
08:15 Orc Burrow
10:00 Orc Burrow
13:30 Orc Burrow
17:52 Watch Tower
17:58 Watch Tower
30:38 Watch Tower
30:44 Watch Tower
30:48 Watch Tower
30:54 Watch Tower
30:57 Watch Tower
31:05 Watch Tower
31:10 Watch Tower
31:16 Watch Tower
» items
| Healing Salve | 1 | |
| Lesser Clarity Potion | 3 | |
| Scroll of Speed | 2 | |
| Potion of Lesser Invulnerability | 1 | |
| Scroll of Protection | 2 | |
| Scroll of Town Portal | 2 | |
| Tiny Great Hall | 1 | |
12 total

»
Yuengling (
pink | 27 APM | 996 actions | 36:58)
7 Archmage
3 Summon Water Elemental
3 Brilliance Aura
1 Mass Teleport
2 Death Knight
1 Death Coil
1 Unholy Aura
» actions
| Assign group hotkey | 25 | |
| Basic commands | 134 | |
| Build / train | 72 | |
| ESC pressed | 2 | |
| Enter build submenu | 27 | |
| Enter hero's abilities submenu | 9 | |
| Right click | 231 | |
| Select / deselect | 219 | |
| Select group hotkey | 227 | |
| Use ability | 50 | |
996 total
» units
| Peasant | 7 | |
| Footman | 3 | |
| Rifleman | 7 | |
| Crypt Fiend | 8 | |
| Mortar Team | 16 | |
| Gargoyle | 3 | |
44 total
» upgrades
| Creature Attack | 2 | |
| Creature Carapace | 2 | |
| Gunpowder | 3 | |
| Armor | 2 | |
| Lumber Harvesting | 2 | |
| Web | 1 | |
| Long Rifles | 1 | |
| Fragmentation Shards | 1 | |
14 total
» buildings
| Altar of Kings | 1 | |
| Farm | 12 | |
| Barracks | 2 | |
| Blacksmith | 1 | |
| Lumber Mill | 1 | |
| Keep | 1 | |
| Halls of the Dead | 1 | |
| Ziggurat | 3 | |
| Crypt | 1 | |
| Workshop | 2 | |
| Castle | 1 | |
| Spirit Tower | 1 | |
| Graveyard | 1 | |
28 total
» build order
00:13 Altar of Kings
00:29 Farm
01:14 Barracks
01:37 Farm
01:53 Barracks
02:00 Blacksmith
02:22 Farm
03:00 Farm
03:24 Farm
03:46 Lumber Mill
04:10 Farm
04:45 Keep
04:55 Halls of the Dead
05:04 Ziggurat
05:10 Crypt
05:53 Ziggurat
07:00 Ziggurat
07:30 Workshop
07:34 Workshop
07:37 Castle
07:57 Spirit Tower
08:02 Graveyard
08:12 Farm
10:38 Farm
11:23 Farm
16:00 Farm
16:02 Farm
16:05 Farm
jay-cutler-sux. (
teal | 63 APM | 2738 actions | 43:12)
7 Death Knight
3 Death Coil
2 Unholy Aura
1 Death Pact
1 Animate Dead
7 Lich
3 Frost Nova
3 Dark Ritual
1 Death and Decay
» actions
| Assign group hotkey | 48 | |
| Basic commands | 87 | |
| Build / train | 85 | |
| Enter build submenu | 20 | |
| Enter hero's abilities submenu | 17 | |
| Give item / drop item | 5 | |
| Right click | 1234 | |
| Select / deselect | 285 | |
| Select group hotkey | 813 | |
| Use ability | 144 | |
2738 total
» units
| Acolyte | 17 | |
| Ghoul | 6 | |
| Crypt Fiend | 6 | |
| Frost Wyrm | 5 | |
| Obsidian Statue | 3 | |
37 total
» upgrades
| Web | 1 | |
| Burrow | 1 | |
| Creature Carapace | 2 | |
| Creature Attack | 2 | |
| Destroyer Form | 1 | |
7 total
» buildings
| Graveyard | 2 | |
| Crypt | 1 | |
| Altar of Darkness | 1 | |
| Ziggurat | 8 | |
| Tomb of Relics | 1 | |
| Nerubian Tower | 3 | |
| Halls of the Dead | 1 | |
| Black Citadel | 1 | |
| Sacrificial Pit | 1 | |
| Boneyard | 2 | |
| Spirit Tower | 2 | |
| Necropolis | 1 | |
| Slaughterhouse | 2 | |
26 total
» build order
00:10 Graveyard
00:14 Crypt
00:43 Altar of Darkness
01:06 Ziggurat
01:33 Tomb of Relics
01:43 Graveyard
01:46 Nerubian Tower
02:03 Nerubian Tower
02:13 Ziggurat
02:23 Nerubian Tower
03:37 Halls of the Dead
04:40 Ziggurat
06:27 Black Citadel
07:25 Sacrificial Pit
08:26 Ziggurat
08:26 Ziggurat
09:03 Boneyard
10:04 Spirit Tower
10:12 Spirit Tower
12:58 Boneyard
14:22 Necropolis
15:42 Ziggurat
15:43 Ziggurat
15:43 Ziggurat
30:50 Slaughterhouse
30:51 Slaughterhouse
» items
| Rod of Necromancy | 2 | |
| Potion of Healing | 2 | |
| Potion of Mana | 1 | |
| Orb of Corruption | 1 | |
| Scroll of Healing | 2 | |
| Scroll of Town Portal | 3 | |
| Potion of Lesser Invulnerability | 2 | |
| Staff of Teleportation | 2 | |
15 total

»
umustbsharkbait (
orange | 26 APM | 32 actions | 01:14)
» actions
| Build / train | 3 | |
| Enter build submenu | 4 | |
| Right click | 9 | |
| Select / deselect | 12 | |
| Use ability | 4 | |
32 total
» units
» buildings
| Altar of Darkness | 1 | |
| Ziggurat | 2 | |
| Crypt | 1 | |
4 total
» build order
00:28 Altar of Darkness
00:31 Ziggurat
00:43 Crypt
01:07 Ziggurat
Chat log
(08:57 / Allies) Baspera: attack?
(09:05 / Allies) Clan.Ku.KIux: sure
(09:17 / Allies) AScottishHitman: blue wait to take my exp
(09:27 / Allies) Baspera: tp any time faggots
(09:27 / Allies) mavic1: back noob
(09:31 / Allies) Baspera: one building dead
(09:47 / Allies) Baspera: thanks my whole army died before you could tp here i had a full group
(09:50 / Allies) Baspera: god i hate noobs
(10:00 / Allies) AScottishHitman: wtf
(10:01 / All) Clan.Ku.KIux: purp hates noobs'
(10:05 / All) Clan.Ku.KIux: such as himself
(10:12 / Allies) AScottishHitman: honestly
(10:31 / Allies) AScottishHitman: i see frosties
(10:34 / Allies) AScottishHitman: being made
(11:40 / Allies) AScottishHitman: keep creepin
(11:44 / Allies) Clan.Ku.KIux: I'm taking this
(13:00 / Allies) Clan.Ku.KIux: wood please
(13:15 / Allies) Clan.Ku.KIux: wood please
(13:40 / All) mavic1: nice he tped his hero ................................
(13:43 / All) Clan.Ku.KIux: lol
(14:21 / All) Clan.Ku.KIux: wtf
(14:24 / All) Clan.Ku.KIux: I clicked my hero
(14:27 / All) Clan.Ku.KIux: and it didn't do shit
(14:41 / Allies) Clan.Ku.KIux: wood god damn
(14:43 / Allies) Clan.Ku.KIux: give me your wood
(17:37 / Allies) AScottishHitman: wood red?
(17:43 / Allies) AScottishHitman: i gaVE you 400
(22:29 / All) AScottishHitman: what are yall doing?
(22:40 / All) Yuengling: teal tk
(25:30 / All) jay-cutler-sux.: free fiends go to middle
(25:38 / All) Clan.Ku.KIux: k
(25:47 / All) jay-cutler-sux.: meant to be a whisper lawl
(25:49 / All) Clan.Ku.KIux: I'll bring my only 2 gryphons
(25:51 / All) Clan.Ku.KIux: they survived
(25:58 / All) Clan.Ku.KIux: dont kill with worms
(26:31 / All) Clan.Ku.KIux: wtf
(26:35 / All) Clan.Ku.KIux: you stole my main base
(26:46 / All) jay-cutler-sux.: i did
(29:02 / All) Clan.Ku.KIux: raped
(29:03 / All) Clan.Ku.KIux: green
(29:17 / All) Clan.Ku.KIux: ascottishitman deserves this win
(29:21 / All) trepa4: fking teal tk
(29:24 / All) jay-cutler-sux.: lawl
(29:30 / All) jay-cutler-sux.: red backstabbed too
(29:37 / All) Clan.Ku.KIux: no, I was going to
(29:43 / All) Clan.Ku.KIux: but my team didn't have the same forces
(29:45 / All) Clan.Ku.KIux: and I died first
(29:48 / All) trepa4: HOPE I PALY WITH U SOME TIMES FKING ASSHOLE TEAL
(29:51 / All) Clan.Ku.KIux: have a castle again and I'
(29:55 / All) Clan.Ku.KIux: m making some gryphs
(30:02 / All) jay-cutler-sux.: stay in game
(30:05 / All) jay-cutler-sux.: everybody can win
(31:21 / Allies) AScottishHitman: wtf red
(31:26 / All) Clan.Ku.KIux: wtf red -yellow
(31:26 / Allies) AScottishHitman: why you doin that
(31:34 / All) Clan.Ku.KIux: don't worry, we'll still give you the win
(31:37 / All) Clan.Ku.KIux: teal just needs xp
(31:41 / All) AScottishHitman: what do you mean we?
(32:02 / All) Yuengling: he sucks ass even w frost
(32:11 / All) Yuengling: fuckn noob
(32:21 / All) Clan.Ku.KIux: noobs that kicked your ass
(32:40 / All) Yuengling: a noob that tk u mean
(32:44 / All) Clan.Ku.KIux: and won 1v3
(32:47 / All) Clan.Ku.KIux: since you blow
(32:59 / All) Clan.Ku.KIux: 4v4 means backstabbing
(33:00 / All) Clan.Ku.KIux: teal
(33:14 / All) Yuengling: i can kick ur ass in any game noob fuck ur clan
(33:18 / All) Clan.Ku.KIux: he has no clan
(33:24 / All) Clan.Ku.KIux: he is a former rank 1 rt player
(33:26 / All) Clan.Ku.KIux: nigguh
(33:29 / All) jay-cutler-sux.: everybody stay
(33:32 / All) Yuengling: lier
(33:33 / All) jay-cutler-sux.: u all have equal chance to win
(33:43 / All) jay-cutler-sux.: me and red are gonna kill ALL units, including our own
(33:46 / All) jay-cutler-sux.: u have equal chance tow in
(34:30 / Allies) AScottishHitman: RED
(34:37 / Allies) AScottishHitman: what the fuck
(34:47 / All) Clan.Ku.KIux: RED. what the fuck -yellow
(34:52 / All) Clan.Ku.KIux: I am the real Scottish hitman.
(34:56 / All) Clan.Ku.KIux: For I also hail from Scotland.
(34:56 / All) jay-cutler-sux.: yellow
(34:59 / All) jay-cutler-sux.: i will leave ur altar
(35:00 / All) jay-cutler-sux.: yellow
(35:06 / All) jay-cutler-sux.: u can revive ur warden infinite times
(35:19 / All) AScottishHitman: not infinate
(35:36 / All) Clan.Ku.KIux: I'll kill pink now
(37:19 / All) jay-cutler-sux.: i always match with green
(37:24 / All) jay-cutler-sux.: for some reason
(38:08 / All) Clan.Ku.KIux: you always match with me too
(38:10 / All) Clan.Ku.KIux: dunno why
(38:16 / All) jay-cutler-sux.: true
(38:28 / All) Clan.Ku.KIux: pink is dead
(38:39 / All) Clan.Ku.KIux: is anyone on your team, teal?
(38:46 / All) Clan.Ku.KIux: you could leave and give yellow the win
(38:51 / All) jay-cutler-sux.: no, but green is sitll here
(39:01 / All) Clan.Ku.KIux: god damn, I hate players like green
(39:45 / All) Clan.Ku.KIux: I love how this blacksmith survived at my original base for the whole game for me to upgrade my gryphons
(40:32 / All) jay-cutler-sux.: i ams orry yellow u must die
(40:38 / All) Clan.Ku.KIux: nooo
(41:44 / All) Clan.Ku.KIux: why did you do that?
(41:50 / All) Clan.Ku.KIux: yellow wasn't any harm
(41:52 / All) Clan.Ku.KIux: now he might leave
(42:13 / All) Clan.Ku.KIux: good job dumbass
(42:13 / All) jay-cutler-sux.: and he left
(42:22 / All) jay-cutler-sux.: ill kill my base
(42:31 / All) Clan.Ku.KIux: will he still get the win?
(42:32 / All) jay-cutler-sux.: i did right, nobody gets the win now
(42:33 / All) jay-cutler-sux.: only a tie
(42:35 / All) Clan.Ku.KIux: once you leabe, I thoguht it's a tie
(42:36 / All) jay-cutler-sux.: a tie
(42:37 / All) Clan.Ku.KIux: *leave
(43:06 / All) Clan.Ku.KIux: it's hilarious how people afk in-game forever and think they'll win